 Dungeon Crawl Stone Soup version 0.27.1-1-g398f81649c (webtiles) character file.

Game seed: 12023432107869106444

228 ZARRMARR the Sneak (level 6, -1/41 HPs)
             Began as an Octopode Conjurer on Sept 11, 2021.
             Slain by an orc (4 damage)
             ... on level 7 of the Dungeon.
             The game lasted 00:10:36 (4841 turns).

ZARRMARR the Sneak (Octopode Conjurer)              Turns: 4841, Time: 00:10:37

Health: -1/41      AC:  5    Str:  6    XL:     6   Next: 2%
Magic:  10/10      EV:  7    Int: 22    God:
Gold:   119        SH:  0    Dex: 11    Spells: 10/11 levels left

rFire    . . .     SeeInvis .   p - +3 dagger (speed)
rCold    . . .     Faith    .   l - +1 buckler
rNeg     . . .     Spirit   .   (helmet restricted)
rPois    .         Reflect  .   (no amulet)
rElec    .         Harm     .   a - +4 ring of protection
rCorr    .         Rampage  .   (no ring)
Will     .....                  (no ring)
Stlth    ++........             (no ring)
HPRegen  0.13/turn              (no ring)
MPRegen  0.12/turn              (no ring)
                                (no ring)
                                (no ring)

@: lit by a corona, about to teleport, held, glowing
A: almost no armour, amphibious, 8 rings, camouflage 1, gelatinous body 1,
(nimble swimmer 1), tentacles
a: no special abilities


You were on level 7 of the Dungeon.
You visited 1 branch of the dungeon, and saw 5 of its levels.

You collected 119 gold pieces.

Inventory:

Hand Weapons
 p - a +3 dagger of speed (weapon)
Missiles
 o - 2 throwing nets
Armour
 l - a +1 buckler (worn)
Jewellery
 a - a +4 ring of protection (left tentacle)
Scrolls
 d - a scroll of noise
 n - a scroll of magic mapping {unknown}
Potions
 b - a potion of flight {unknown}
 c - a potion of brilliance {unknown}
 e - a potion of haste {unknown}
 j - 2 potions of might {unknown}
 m - a potion of magic {unknown}


   Skills:
 + Level 2.4 Fighting
 + Level 3.2 Dodging
 + Level 4.7 Stealth
 + Level 1.4 Shields
 + Level 3.1 Spellcasting
 - Level 4.0 Conjurations


You had 10 spell levels left.
You knew the following spells:

 Your Spells              Type           Power      Damage    Failure   Level
a - Magic Dart            Conj           84%        1d7       3%          1

Your spell library contained the following spells:

 Spells                   Type           Power      Damage    Failure   Level
 Searing Ray              Conj           42%        3d4       4%          2
 Dazzling Flash           Conj/Hex       24%        N/A       22%         3
 Corpse Rot               Necr/Air       N/A        N/A       26%         2
 Poisonous Vapours        Pois/Air       6%         N/A       26%         2
 Fulminant Prism          Conj/Hex       6%         3d7       58%         4
 Iskenderun's Mystic Bla  Conj/Tloc      12%        2d5       58%         4
 Freezing Cloud           Conj/Ice/Air   4%         6-21      95%         5


Dungeon Overview and Level Annotations

Branches:
Dungeon (4/15)
 Temple: D:4-7

Altars:
Elyvilon
Vehumet

Shops:
D:1 !

Annotations:
D:3 exclusion: statue


Innate Abilities, Weirdness & Mutations

You cannot wear most types of armour.
You are amphibious.
You can wear up to eight rings at the same time.
Your skin changes colour to match your surroundings (Stealth+).
Your rubbery body absorbs attacks. (AC +1, EV +1)
((You are camouflaged near water. (Stealth+)))
You have tentacles for arms and can constrict up to eight enemies at once.


Message History

Magic restored.
There is an open door here.
You fall into a shaft and drop 3 floors!
The shaft crumbles and collapses. 5 gnolls and a gnoll shaman come into view.
The gnoll shouts! x3; The gnoll shaman shouts!
You hear a shout! x2
The gnoll shouts!
You hear a shout! x2
Unknown command.
An orc comes into view. It is wielding a +0 hand axe.
The gnoll barely misses you.
The gnoll hits the plant with a +0 flail.
Unknown command.
Blink to where?
Press: ? - help, Dir - move target 5 gnolls, a gnoll shaman, an orc and an orc warrior come into view.
Found a robe.
As you read the scroll of blinking, it crumbles to dust.
The gnoll shaman mumbles some strange prayers to its god against you.
You are outlined in light.
The gnoll throws a throwing net.
The throwing net hits you.
You become entangled in the net!
The gnoll completely misses the plant.
You struggle against the net.
The orc hits you with a +0 hand axe. The orc hits you with a +0 whip.
As you read the scroll labelled AMU WENGIVUSCH, it crumbles to dust.
You feel strangely unstable.
It was a scroll of teleportation.
The orc warrior shouts!
The gnoll shouts! x3
A nearby plant withers and dies.
The orc hits you but does no damage.
The gnoll hits you from afar with a +0 halberd!
The orc hits you with a +0 whip.
The gnoll hits you from afar with a +0 halberd!
As you read the scroll labelled FECLIABEITT, it crumbles to dust.
It is a scroll of enchant armour.
Your +0 buckler glows green for a moment.
The orc hits you with a +0 hand axe. The gnoll completely misses you.
The orc hits you but does no damage.
The gnoll hits you from afar with a +0 halberd!
* * * LOW HITPOINT WARNING * * *
This is a scroll of acquirement!
Something appears before you! The orc hits you with a +0 hand axe.
You die...

♣♣♣ #♣.♣+ #.♣P♣♣
#♣....♣
##♣P.g...♣
#♣..♣gg...♣
####...gg.....#
##....goo####..#
.....o.@.+ ..#
.[.......# ..#
...#+##gg# .


#ggg #g... #....≈ .....≈≈ ≈≈≈≈≈.≈≈ You could see an orc warrior, 2 gnoll
shamans, 10 gnolls and 2 orcs.

Vanquished Creatures
  An orc priest (D:3)
  Jessica (D:2)
  A hound skeleton (D:4)
  Robin (D:2)
  3 gnolls (D:3)
  2 adders
  3 worms
  3 dart slugs
  9 orcs (D:3)
  9 ball pythons
  6 bats
  4 endoplasms
  2 giant cockroaches
  9 goblins
  5 hobgoblins
  5 quokkas
  3 frilled lizards
  4 kobolds
  12 rats
83 creatures vanquished.

Vanquished Creatures (others)
  A plant (D:7)
  4 toadstools (D:1)
5 creatures vanquished.

Grand Total: 88 creatures vanquished

Notes
Turn   | Place    | Note
-------+----------+-------------------------------------------
     0 | D:1      | ZARRMARR the Octopode Conjurer began the quest for the Orb.
     0 | D:1      | Reached XP level 1. HP: 11/11 MP: 3/3
   233 | D:1      | Reached XP level 2. HP: 18/18 MP: 3/5
   877 | D:1      | Reached skill level 1 in Fighting
   889 | D:1      | Found Emisiom's Distillery.
  1082 | D:1      | Reached XP level 3. HP: 23/23 MP: 3/6
  2000 | D:2      | Reached XP level 4. HP: 28/28 MP: 1/7
  2114 | D:2      | Noticed Robin
  2756 | D:2      | Noticed Jessica
  2759 | D:2      | Killed Jessica
  2912 | D:2      | Killed Robin
  2921 | D:2      | Reached XP level 5. HP: 28/33 MP: 1/9
  3314 | D:3      | Reached skill level 1 in Shields
  4107 | D:3      | Found a faded altar of an unknown god.
  4129 | D:3      | Found a radiant altar of Vehumet.
  4131 | D:3      | Noticed a charred statue
  4170 | D:3      | Found a white marble altar of Elyvilon.
  4786 | D:4      | Reached XP level 6. HP: 41/41 MP: 5/10
  4833 | D:4      | You fall into a shaft and drop 3 floors!
  4837 | D:7      | Noticed an orc warrior
  4841 | D:7      | Identified a scroll of acquirement
  4841 | D:7      | Acquired 417 gold pieces
  4841 | D:7      | Slain by an orc

Illustrated notes

Levels and vault maps discovered:
D:1:      ldierk_walled_garden_2, layout_basic, serial_shops,
          nicolae_shop_statue_plus
D:2:      layout_basic, uniq_jessica, uniq_robin
D:3:      layout_basic, vehumet_statue, mainiacjoe_overflow_brackets,
          hellmonk_ecumenical_altar_inner_sanctum
D:4:      layout_basic
D:7:      kennysheep_seaside_town, layout_basic, minmay_temple_entry_fiery,
          serial_shops, nicolae_take_the_stairs, uniq_joseph,
          uniq_prince_ribbit1

Skill      XL: |  1  2  3  4  5 |
---------------+----------------+-----
Stealth        | 3 4 |  4.7
Fighting       | 1 2 |  2.4
Dodging        | 3 |  3.2
Shields        | 1 |  1.4
Spellcasting   | 3 |  3.1
Conjurations   | |  4.0

Action                   |  1- 3 |  4- 6 || total
-------------------------+-------+-------++-------
Melee: Unarmed           |    38 |     1 ||    39
       Constrict         |     5 |     7 ||    12
       Tentacles         |     2 |     5 ||     7
       Dagger            |       |    32 ||    32
 Cast: Magic Dart        |    76 |   117 ||   193
  Use: Scroll            |       |     6 ||     6
Armor: Skin              |     7 |    11 ||    18
Dodge: Dodged            |    27 |    41 ||    68
Block: Buckler           |       |    10 ||    10
